 Dungeon Crawl Stone Soup version 0.29.1-13-g9f3cf754e1 (webtiles) character file.

Game seed: 7673579422278618597

19 Descartes the Ducker (level 2, 12/12 HPs)
             Began as a Felid Monk on Jan 29, 2023.
             Got out of the dungeon alive.
             The game lasted 00:02:07 (1017 turns).

Descartes the Ducker (Felid Monk)                   Turns: 1017, Time: 00:02:08

Health: 12/12      AC:  1    Str:  7    XL:     2   Next: 55%
Magic:  3/3        EV: 19    Int: 11    God:
Gold:   40         SH:  0    Dex: 18    Spells: 1/1 levels left
                                        Lives:  0   Deaths: 0

rFire   . . .      SeeInvis +     - Unarmed
rCold   . . .      Faith    .   (shield unavailable)
rNeg    . . .      Spirit   .   (body armour unavailable)
rPois   .          Reflect  .   (helmet unavailable)
rElec   .          Harm     .   (cloak unavailable)
rCorr   .          Rampage  .   (gloves unavailable)
Will    .....                   (boots unavailable)
Stlth   +++.......              (no amulet)
HPRegen 0.04/turn               (no ring)
MPRegen 0.08/turn               (no ring)

@: quick
A: reduced essence, very small, claws 1, fangs 3, see invisible, speed 1, shaggy
fur 1, stealthy paws, no weapons or thrown items, no armour, multi-lived
a: no special abilities


You escaped.
You visited 1 branch of the dungeon, and saw 1 of its levels.

You collected 40 gold pieces.

Inventory:

Jewellery
 f - a +6 ring of intelligence
 h - an amulet of faith
Scrolls
 b - 4 scrolls of identify {unknown}
 e - a scroll of teleportation {unknown}
Potions
 a - 2 potions of ambrosia
 c - a potion of might {unknown}
 d - a potion of curing {unknown}
 g - a potion of flight {unknown}
 i - a potion of haste {unknown}


   Skills:
 + Level 3.2 Fighting
 + Level 4.2 Dodging
 + Level 3.1 Stealth
 + Level 3.2 Unarmed Combat
 + Level 0.9 Evocations


You had one spell level left.
You didn't know any spells.
Your spell library contained the following spells:

 Spells                   Type           Power      Damage    Failure   Level
 Ozocubu's Armour         Ice            0%         N/A       71%         3
 Ozocubu's Refrigeration  Ice            0%         4d7       100%        7


Dungeon Overview and Level Annotations

Branches:
Dungeon (1/15)

Altars:
Hepliaklqana


Innate Abilities, Weirdness & Mutations

Your life essence is reduced to manifest your ancestor. (-10% HP)
You have sharp claws.
You have razor-sharp teeth.
You have supernaturally acute eyesight. (SInv)
You cover ground quickly. (Speed+)
You are covered in fur. (AC +1)
Your paws help you pounce on unaware monsters.
You are incapable of wielding weapons or throwing items.
You cannot wear armour.
You gain extra lives every three experience levels.


Message History

You see here a +4 dagger of freezing.
A dart slug comes into view.
A dart slug is nearby!
You see here a bubbling sapphire potion.
You see here an amulet of faith.
You scratch the dart slug.
The dart slug is heavily wounded.
The dart slug completely misses you.
You scratch the dart slug.
The dart slug is almost dead.
You scratch the dart slug.
You kill the dart slug!
No target in view!
No target in view!
No target in view!
No target in view!
No target in view!
No target in view!
No target in view!
No target in view!
No target in view!
No target in view!
h - an amulet of faith
i - a bubbling sapphire potion
There is an open door here.
There is a fountain of clear blue water here.
There is an open door here.
There is an open door here.
You enter the shallow water.
Moving in this stuff is going to be slow.
You open the door.
There is an open door here.
There is an open door here.
The hobgoblin shouts!
You can't go up here!
There is a staircase leading out of the dungeon here.
Are you sure you want to leave the Dungeon?
This will make you lose the game! [Y]es or [N]o only, please.
Are you sure you want to leave the Dungeon?
This will make you lose the game!
You have escaped!

#.# #.##.......#..#
#.#####.........)...##
#....................#
#######..#####'#####.#
#(.#PPP#.#PPP#.#
#..#P⌠P#.#P⌠P#.#
#..#PPP#.#PPP#.#
#..#####.#####.###
#..'..g.@....'...#
#..#####.#####.#.#
#..#PPP#.#PPP#.#.#
#..#P⌠P#.#P⌠P#.#.#
#..#PPP#.#PPP#.#.##
#..#####'#####....#######
##.............##......#≈
#.#####..############.#≈
#.# ##.# #.'~


You could see a hobgoblin.

Vanquished Creatures
  2 dart slugs (D:1)
  A ball python (D:1)
  2 endoplasms (D:1)
  A giant cockroach (D:1)
  5 goblins (D:1)
  A quokka (D:1)
  2 bats (D:1)
  2 frilled lizards (D:1)
  2 rats (D:1)
18 creatures vanquished.

Notes
Turn   | Place    | Note
-------+----------+-------------------------------------------
     0 | D:1      | Descartes the Felid Monk began the quest for the Orb.
     0 | D:1      | Reached XP level 1. HP: 10/10 MP: 2/2
   245 | D:1      | Reached XP level 2. HP: 13/14 MP: 3/3
   441 | D:1      | Noticed a floating eye
   443 | D:1      | Found a faded altar of an unknown god.
   446 | D:1      | Noticed a floating eye
   446 | D:1      | Noticed a great orb of eyes
   446 | D:1      | Noticed a floating eye
   787 | D:1      | Prayed at the altar of an unknown god.
   787 | D:1      | Became a worshipper of Hepliaklqana the Forgotten
   787 | D:1      | Reached * piety under Hepliaklqana
   787 | D:1      | Reached ** piety under Hepliaklqana
   832 | D:1      | Fell from the grace of Hepliaklqana
  1017 | D:$      | Got out of the dungeon alive.

Illustrated notes

Levels and vault maps discovered:
D:1:      beargit_arrival_greenhouse, layout_loops_ring,
          hellmonk_ecumenical_altar_watching_god, chequers_serial_rivers_room_b,
          grunt_decor_clamped, minmay_misc_feat_chi

Skill      XL: |  1 |
---------------+----+-----
Stealth        | 3 |  3.1
Fighting       | |  3.2
Dodging        | |  4.2
Unarmed Combat | |  3.2
Evocations     | |  0.9

Action                   || total
-------------------------++-------
Melee: Unarmed           ||    44
       Bite              ||     3
Invok: Ancestor Identity ||     1
       Renounce Religion ||     1
 Stab: Sleeping          ||     5
Armor: Skin              ||     1
Dodge: Dodged            ||    39
